 Dungeon Crawl Stone Soup version 0.28-a0-175-gb2089b6bb7 (webtiles) character file.

Game seed: 13581989176131989696

38 Ishikawa the Slasher (level 3, 0/27 HPs)
             Began as a Demonspawn Gladiator on Aug 17, 2021.
             Slain by an adder (3 damage)
             ... on level 1 of the Dungeon.
             The game lasted 00:04:36 (1208 turns).

Ishikawa the Slasher (Demonspawn Gladiator)         Turns: 1208, Time: 00:04:38

Health: 0/27       AC:  6    Str: 15    XL:     3   Next: 25%
Magic:  3/3        EV: 11    Int:  9    God:
Gold:   28         SH:  0    Dex: 14    Spells: 2/2 levels left

rFire   . . .      SeeInvis .   a - +0 long sword
rCold   . . .      Faith    .   (no shield)
rNeg    . . .      Spirit   .   e - +0 ring mail
rPois   .          Reflect  .   c - +0 helmet
rElec   .          Harm     .   (no cloak)
rCorr   .          Rampage  .   (no gloves)
Will    .....                   (no boots)
Stlth   +.........              (no amulet)
HPRegen 0.09/turn               (no ring)
MPRegen 0.08/turn               (no ring)

@: lethally poisoned (0 -> -8)
A: powered by death 1
a: no special abilities


You were on level 1 of the Dungeon.
You visited 1 branch of the dungeon, and saw 2 of its levels.

You collected 28 gold pieces.

Inventory:

Hand Weapons
 a - a +0 long sword (weapon)
Missiles
 d - 3 throwing nets (quivered)
Armour
 b - a +0 leather armour
 c - a +0 helmet (worn)
 e - a +0 ring mail (worn)
Scrolls
 f - 3 scrolls of acquirement {unknown}
 g - 2 scrolls of identify {unknown}
 h - a scroll of teleportation {unknown}
 k - a scroll of blinking {unknown}
 m - a scroll of immolation {unknown}
Potions
 i - a potion of degeneration {unknown}
 j - 2 potions of flight {unknown}
 l - a potion of haste {unknown}
 n - 2 potions of berserk rage {unknown}


   Skills:
 + Level 2.1 Fighting
 + Level 3.4 Long Blades
 + Level 2.0 Throwing
 + Level 0.2 Armour
 + Level 3.1 Dodging


You had 2 spell levels left.
You didn't know any spells.
Your spell library was empty.

Dungeon Overview and Level Annotations

Branches:
Dungeon (2/15)

Altars:


Innate Abilities, Weirdness & Mutations

You regenerate a little health from kills.


Message History

There is an open door here.
There is an open door here.
You see here a +0 club.
There is an open door here.
There is a stone staircase leading down here.
You climb downwards.
A bat, 2 adders and a worm come into view.
The adder hisses angrily.
Found 23 arrows.
There is a stone staircase leading up here.
You miss the adder. The adder barely misses you. The bat barely misses you.
The adder bites you.
You are poisoned.
The adder poisons you! The adder closely misses you.
You riposte.
You barely miss the adder.
You climb upwards.
You feel sick.
There is a stone staircase leading down here.
You completely miss the adder.
You feel sick. The bat hits you. The adder bites you.
You closely miss the adder.
You feel sick. The bat hits you but does no damage. The adder bites you. x2
You are more poisoned.
The adder poisons you!
Your ring mail prevents you from hitting the adder.
You feel very sick. The bat hits you but does no damage.
The adder bites you but does no damage.
You hit the adder.
The adder is lightly wounded.
You feel sick. The bat hits you but does no damage.
The adder bites you but does no damage. The adder bites you.
* * * LOW HITPOINT WARNING * * *
You are lethally poisoned!
The adder poisons you!
You barely miss the adder.
The adder is lightly wounded.
* * * LOW HITPOINT WARNING * * *
You feel very sick. The bat hits you but does no damage.
The adder bites you but does no damage. The adder bites you.
You die...

#.....##.###......# ###
###.####..).......######.## #.#
#####............#.# #.#
##.....######.## #.# #.##### #.#
######.### #.# #.# #........#
##'## #.# #.####.#.# ##...## #.#
#.##...#.# ##.@...## ##.#
#.##.#.#.# ##...S...## ##..#
##.##.....###....b....####...####
............'.........'..........
######...####.........####.....##
# ##..# ##.......## #..##.## #
##.# ##.....## #.###.## #.#
##...## #....... #.# ##'##
#####.##


You could see an adder and a bat.

Vanquished Creatures
  2 dart slugs (D:1)
  A ball python (D:1)
  4 endoplasms (D:1)
  2 giant cockroaches (D:1)
  2 goblins (D:1)
  3 hobgoblins (D:1)
  4 jackals (D:1)
  2 kobolds (D:1)
  2 quokkas (D:1)
  3 bats (D:1)
  2 frilled lizards (D:1)
  3 rats (D:1)
30 creatures vanquished.

Notes
Turn   | Place    | Note
-------+----------+-------------------------------------------
     0 | D:1      | Ishikawa the Demonspawn Gladiator began the quest for the
                  | Orb.
     0 | D:1      | Reached XP level 1. HP: 16/16 MP: 1/1
   384 | D:1      | Gained mutation: You regenerate a little health from kills.
                  | [demonic ancestry]
   384 | D:1      | Reached XP level 2. HP: 21/22 MP: 2/2
   584 | D:1      | Reached XP level 3. HP: 20/27 MP: 3/3
  1208 | D:1      | Slain by an adder

Illustrated notes

Levels and vault maps discovered:
D:1:      lemuel_arrival_hallway, layout_loops_corners
D:2:      layout_basic, serial_forest, infiniplex_forest_straight_2,
          infiniplex_forest_lined_room_2, infiniplex_forest_lined_room_,
          infiniplex_forest_straight_1, infiniplex_forest_zigzag_1, basic_altar,
          ebering_ecumenical_altar_mist

Skill      XL: |  1  2 |
---------------+-------+-----
Dodging        | 3 |  3.1
Long Blades    | 3 |  3.4
Throwing       | 2 |  2.0
Fighting       | |  2.1
Armour         | |  0.2

Action                   || total
-------------------------++-------
Melee: Long sword        ||    85
Throw: Throwing net      ||     1
Armor: Ring mail         ||    42
Dodge: Dodged            ||    58
       Rpst.: Long sword ||    20

Table legend: (Time is in decaauts)
 A = Elapsed time spent in this place.
 B = Non-inter-level travel time spent in this place.
 C = Inter-level travel time spent in this place.
 D = Time resting spent in this place.
 E = Time spent auto-exploring this place.
 F = Levels seen in this place.
 G = Mean time per level.
                   A        B        C        D        E       F      G
               +--------+--------+--------+--------+--------+-----+--------+
         Total |   1228 |   1175 |     53 |    271 |    420 |   2 |  614.0 |
       Dungeon |   1228 |   1175 |     53 |    271 |    420 |   2 |  614.0 |
               +--------+--------+--------+--------+--------+-----+--------+

Top non-repeatable levels by time:
     D:1: 1224 daAuts
     D:2: 4 daAuts
